 Dungeon Crawl Stone Soup version 0.17-a0-1450-g7e755d1 (webtiles) character file.

147 Fluffy the Ruffian (level 5, -2/49 HPs)
             Began as a Troll Transmuter on June 30, 2015.
             Slain by Sigmund
             ... wielding a +0 scythe
              (7 damage)
             ... on level 3 of the Dungeon.
             The game lasted 00:04:10 (1549 turns).

Fluffy the Ruffian (Troll Transmuter)               Turns: 1549, Time: 00:04:11

Health: -2/49      AC:  5    Str: 18    XL:     5   Next: 7%
Magic:  5/5        EV: 11    Int: 10    God:
Gold:   133        SH:  0    Dex: 16    Spells: 1 memorised, 5 levels left

rFire  . . .     SeeInvis .       - Unarmed
rCold  . . .     Clarity  .     b - +0 robe
rNeg   . . .     SustAt   .     (no shield)
rPois  .         Gourm    +     (helmet restricted)
rElec  .         Spirit   .     (no cloak)
rCorr  .         Warding  .     (gloves unavailable)
rMut   .         Stasis   .     (boots unavailable)
MR     .....                    (no amulet)
Stlth  +.........               (no ring)
                                i - +6 ring of dexterity

@: not resistant to hostile enchantments, very unstealthy
A: unfitting armour, claws 3, fast metabolism 3, gourmand, regeneration 2,
shaggy fur 1, tough skin 2
a: no special abilities


You were on level 3 of the Dungeon.
You were full.

You visited 1 branch of the dungeon, and saw 3 of its levels.

You collected 133 gold pieces.

Inventory:

Missiles
 a - 36 arrows
 e - 8 arrows of flame
Armour
 b - a +0 robe (worn)
Jewellery
 i - a +6 ring of dexterity (left claw)
Magical devices
 f - a wand of confusion (15)
Scrolls
 g - 6 scrolls of remove curse
 l - a scroll of amnesia
Potions
 j - a potion of beneficial mutation {unknown}
 k - a potion of curing {unknown}
Books
 c - a book of Changes

   Spells                             Type                      Level
   a - Beastly Appendage              Transmutation                1
   b - Sticks to Snakes               Transmutation                2
   c - Spider Form                    Transmutation/Poison         3
   d - Ice Form                       Ice/Transmutation            4
   e - Blade Hands                    Transmutation                5
Comestibles
 d - 3 bread rations
 h - 2 meat rations


   Skills:
 + Level 2.1 Fighting
 + Level 2.4 Dodging
 + Level 3.8 Unarmed Combat
 - Level 1.2 Spellcasting
 + Level 2.2 Transmutations


You had 5 spell levels left.
You knew the following spells:

 Your Spells              Type           Power        Failure   Level  Hunger
a - Beastly Appendage     Trmt           #.....       14%         1    ##.....


Dungeon Overview and Level Annotations

Branches:
Dungeon (3/15)

Altars:
Vehumet
Zin

Annotations:
D:3 Purgy, Sigmund


Innate Abilities, Weirdness & Mutations

You are too large for most types of armour.
You have claws for hands.
Your metabolism is lightning-fast.
You like to eat raw meat.
You heal very quickly.
You are covered in fur (AC +1).
You have very tough skin (AC +2).


Message History

Found a plate armour.
The bat closely misses you. The bat misses you. The bat closely misses you.
Something barely misses you.
You scratch something but do no damage. The bat hits you but does no damage.
The bat closely misses you. Something hits you.
You scratch something but do no damage. The bat closely misses you.
You miss something. The bat hits you but does no damage. Something hits you!
You scratch something. The bat closely misses you.
You claw something! The bat hits you but does no damage. Something hits you.
You closely miss something. The bat hits you. Something hits you!
* * * LOW HITPOINT WARNING * * *
You miss something. The bat hits you but does no damage.
The bat barely misses you.
You scratch something but do no damage. The bat hits you but does no damage.
You hear some strange, mumbled words.
A puff of flame appears from out of thin air!
The puff of flame hits you!
* * * LOW HITPOINT WARNING * * *
The bat closely misses you. Something hits you!
You die...

##....$.##.....
#..............
#..............
##.#....#......#
#..##...(.......
#..##[###....)#.
#...(.........#
#..##{####......
#..@..# ....).
####.b.[....?...
#.#####.#....
#.# .... ... ###


You could see a bat.

Vanquished Creatures
  Natasha (thrice) (D:2)
  Robin (D:2)
  4 adders (D:2)
  A worm (D:1)
  7 bats
  2 giant cockroaches (D:2)
  7 hobgoblins
  6 kobolds
  3 giant newts
  12 goblins
  10 jackals
  7 rats
63 creatures vanquished.

Notes
Turn   | Place    | Note
--------------------------------------------------------------
     0 | D:1      | Fluffy the Troll Transmuter began the quest for the Orb.
     0 | D:1      | Reached XP level 1. HP: 18/18 MP: 1/1
    79 | D:1      | Reached skill level 1 in Fighting
   208 | D:1      | Reached XP level 2. HP: 19/27 MP: 2/2
   460 | D:1      | Reached XP level 3. HP: 29/33 MP: 3/3
   828 | D:2      | Found a glowing silver altar of Zin.
   828 | D:2      | Found a radiant altar of Vehumet.
   962 | D:2      | Noticed Natasha
  1022 | D:2      | Killed Natasha
  1022 | D:2      | Reached XP level 4. HP: 24/42 MP: 4/4
  1153 | D:2      | Noticed Robin
  1222 | D:2      | Killed Robin
  1286 | D:2      | Noticed Natasha
  1292 | D:2      | Killed Natasha
  1324 | D:2      | Reached XP level 5. HP: 43/49 MP: 5/5
  1400 | D:2      | Noticed Natasha
  1408 | D:2      | Killed Natasha
  1475 | D:3      | Noticed Purgy
  1517 | D:3      | Noticed Sigmund
  1549 | D:3      | Slain by Sigmund

Vault maps used:
D:1:      dpeg_arrival_tiny_f, corexii_leaking_fountain
D:2:      gammafunk_temple_overflow_elements, uniq_natasha, uniq_robin
D:3:      trog_wizard, uniq_jessica, uniq_sigmund, uniq_purgy

Action                   |  1- 3 |  4- 6 || total
-------------------------+-------+-------++-------
Melee: Unarmed           |   122 |    76 ||   198
  Use: Scroll            |       |     5 ||     5
 Stab: Sleeping          |     1 |       ||     1
  Eat: Chunk             |    14 |     2 ||    16
